 Dungeon Crawl Stone Soup version 0.26.1-10-gdfb7c7de75 (webtiles) character file.

Game seed: 5453738284317994805

812 raph the Geomancer (level 7, 0/55 HPs)
             Began as a Deep Dwarf Earth Elementalist on Apr 5, 2021.
             Slain by an ice beast (11 damage)
             ... on level 5 of the Dungeon.
             The game lasted 00:11:07 (5447 turns).

raph the Geomancer (Deep Dwarf Earth Elementalist)  Turns: 5447, Time: 00:11:08

Health: 0/55       AC:  5    Str: 12    XL:     7   Next: 61%
Magic:  2/10       EV: 14    Int: 17    God:
Gold:   91         SH:  0    Dex: 13    Spells: 2/13 levels left

rFire    + . .     SeeInvis .   a - +0 hand axe
rCold    . . .     Faith    .   (no shield)
rNeg     . . .     Spirit   .   c - +0 robe
rPois    .         Reflect  .   g - +0 helmet
rElec    .         Harm     .   m - +0 cloak
rCorr    .         Rampage  .   (no gloves)
Will     +....                  l - +0 pair of boots
Stlth    +++.......             (no amulet)
HPRegen  0.00/turn              h - ring of protection from fire
MPRegen  0.12/turn              (no ring)

@: non-regenerating
A: damage resistance, heal wounds, sense surroundings 1, no regeneration
a: Heal Wounds


You were on level 5 of the Dungeon.
You visited 1 branch of the dungeon, and saw 5 of its levels.

You collected 145 gold pieces.
You spent 54 gold pieces at shops.

Inventory:

Hand Weapons
 a - a +0 hand axe (weapon)
Missiles
 b - 26 stones
Armour
 c - a +0 robe (worn)
 g - a +0 helmet (worn)
 l - a +0 pair of boots (worn)
 m - a +0 cloak (worn)
Magical Staves
 d - an uncursed staff of death
 i - an uncursed staff of conjuration
Jewellery
 h - a ring of protection from fire (left hand)
Wands
 e - a wand of disintegration (9)
Scrolls
 n - a scroll of teleportation
Potions
 f - a potion of might
 k - a potion of curing


   Skills:
 + Level 4.6 Dodging
 + Level 5.4 Stealth
 + Level 3.5 Spellcasting
 - Level 0.8 Transmutations
 * Level 8.2 Earth Magic


You had 2 spell levels left.
You knew the following spells:

 Your Spells              Type           Power        Failure   Level
a - Sandblast             Erth           62%          1%          1
b - Passwall              Tmut/Erth      15%          3%          2
c - Stone Arrow           Conj/Erth      34%          9%          3
d - Lee's Rapid Deconstr  Erth           15%          16%         5

Your spell library contained the following spells:

 Spells                   Type           Power        Failure   Level
 Magic Dart               Conj           12%          17%         1
 Searing Ray              Conj           6%           26%         2
 Petrify                  Tmut/Erth      18%          26%         4
 Dazzling Flash           Conj/Hex       6%           45%         3
 Fulminant Prism          Conj/Hex       1%           86%         4
 Iskenderun's Mystic Bla  Conj/Tloc      3%           86%         4


Dungeon Overview and Level Annotations

Branches:
Dungeon (5/15)
 Temple: D:4-7

Altars:
Cheibriados
Dithmenos
Gozag
Hepliaklqana

Shops:
D:4 *

Annotations:
D:4 Dowan, Sigmund


Innate Abilities, Weirdness & Mutations

You are resistant to damage.
You can heal yourself by infusing magical energy.
You passively map a small area around you.
You do not regenerate.


Message History

Press: ? - help, Shift-Dir - straight line, f - bullfrog
Aim: a bullfrog (heavily wounded, 23% to evade)
The blast of sand hits the bullfrog!
You kill the bullfrog!
Casting: Sandblast (safe; 1% risk of failure)
Confirm with . or Enter, or press ? or * to list all spells.
Aiming: Sandblast (safe; 1% risk of failure)
Press: ? - help, Shift-Dir - straight line, f - ice beast
Aim: an ice beast (18% to evade)
The blast of sand hits the ice beast but does no damage.
Casting: Sandblast (safe; 1% risk of failure)
Confirm with . or Enter, or press ? or * to list all spells.
Aiming: Sandblast (safe; 1% risk of failure)
Press: ? - help, Shift-Dir - straight line, f/p - ice beast
Aim: an ice beast (18% to evade)
The blast of sand hits the ice beast but does no damage.
The ice beast hits you.
* * * LOW HITPOINT WARNING * * *
The ice beast freezes you!
You die...

, ... , . .. *
, .. .. ,
#.#.## ,,, * ,
....., **
...##* *
,,**#..#* * ,
#@# , #Y### ,*
#...##.# ,
..####.#....#
.........###.#
* ...###.#.#
,.., ,
.###.#)#####,
,*
.!.....>....#*,
*#.........<.#*


You could see an ice beast.

Vanquished Creatures
  Duvessa (D:4)
  An ogre (D:5)
  A bullfrog (D:5)
  6 killer bees (D:3)
  A howler monkey (D:4)
  Crazy Yiuf (D:2)
  A hound (D:4)
  An orc priest (D:4)
  Terence (D:2)
  Robin (D:2)
  3 gnolls (D:3)
  2 adders
  An adder skeleton (D:4)
  A dart slug (D:1)
  2 leopard geckos (D:2)
  6 orcs
  A ball python (D:3)
  4 bats
  5 giant cockroaches
  12 goblins
  12 hobgoblins
  9 jackals
  7 frilled lizards
  5 kobolds
  5 rats
90 creatures vanquished.

Notes
Turn   | Place    | Note
-------+----------+-------------------------------------------
     0 | D:1      | raph the Deep Dwarf Earth Elementalist began the quest for
                  | the Orb.
     0 | D:1      | Reached XP level 1. HP: 15/15 MP: 3/3
   389 | D:1      | Reached XP level 2. HP: 22/22 MP: 2/4
   479 | D:1      | Learned a level 2 spell: Passwall
   972 | D:1      | Reached XP level 3. HP: 19/28 MP: 3/6
  1005 | D:1      | Learned a level 3 spell: Stone Arrow
  1433 | D:2      | Noticed Robin
  1512 | D:2      | Reached skill level 5 in Earth Magic
  1578 | D:2      | Killed Robin
  2084 | D:2      | Reached XP level 4. HP: 25/36 MP: 3/6
  2242 | D:2      | Noticed Terence
  2249 | D:2      | Killed Terence
  2325 | D:2      | Found a snail-covered altar of Cheibriados.
  2325 | D:2      | Found an opulent altar of Gozag.
  2329 | D:2      | Found a hazy altar of Hepliaklqana.
  2332 | D:2      | Found a shadowy altar of Dithmenos.
  2769 | D:2      | Found a runed translucent door.
  2770 | D:2      | Noticed Crazy Yiuf
  2777 | D:2      | Killed Crazy Yiuf
  2926 | D:3      | Reached skill level 6 in Earth Magic
  2926 | D:3      | Reached XP level 5. HP: 20/42 MP: 3/7
  2967 | D:3      | Reached XP level 6. HP: 20/49 MP: 6/8
  3055 | D:3      | Reached skill level 7 in Earth Magic
  3209 | D:3      | Learned a level 5 spell: Lee's Rapid Deconstruction
  4423 | D:4      | Found Goigip's General Store.
  4425 | D:4      | Reached XP level 7. HP: 21/55 MP: 4/9
  4426 | D:4      | Bought 13 stones for 18 gold pieces
  4426 | D:4      | Bought 26 stones for 36 gold pieces
  4638 | D:4      | Reached skill level 5 in Stealth
  4644 | D:4      | Noticed Duvessa
  4804 | D:4      | Killed Duvessa
  4820 | D:4      | Noticed Dowan
  5390 | D:4      | Noticed Sigmund
  5426 | D:5      | Entered Level 5 of the Dungeon
  5439 | D:5      | Reached skill level 8 in Earth Magic
  5447 | D:5      | Slain by an ice beast

Illustrated notes

Levels and vault maps discovered:
D:1:      sevenhm_arrival_forest_fort_large_2, layout_loops_ring,
          chequers_decorated_corner
D:2:      layout_loops_ring, grunt_temple_overflow_cloverleaf,
          uniq_crazy_yiuf_cottage, uniq_robin, uniq_terence
D:3:      layout_basic
D:4:      lemuel_upstairs_altar, layout_basic, serial_shops, shop, uniq_sigmund,
          uniq_duvessa
D:5:      layout_rooms, demons_altar

Skill      XL: |  1  2  3  4  5  6  7 |
---------------+----------------------+-----
Spellcasting   | 2 3 |  3.5
Stealth        | 3 4 5 |  5.4
Earth Magic    | 5 6 7 8 |  8.2
Dodging        | 3 4 |  4.6
Transmutations | |  0.8

Action                   |  1- 3 |  4- 6 |  7- 9 || total
-------------------------+-------+-------+-------++-------
Melee: Hand axe          |    20 |     8 |     2 ||    30
 Cast: Sandblast         |    69 |    55 |    28 ||   152
       Stone Arrow       |       |     6 |     2 ||     8
       Passwall          |       |     1 |       ||     1
 Abil: Heal Wounds       |     1 |     3 |     2 ||     6
Evoke: Wand              |       |     6 |       ||     6
  Use: Scroll            |     3 |     5 |       ||     8
       Potion            |       |     4 |     1 ||     5
 Stab: Sleeping          |     2 |       |       ||     2
Armor: Robe              |    10 |     9 |     3 ||    22
Dodge: Dodged            |    41 |    68 |    12 ||   121
